 Dungeon Crawl Stone Soup version 0.26-a0-966-gd078a86f14 (webtiles) character file.

Game seed: 14745251970101087862

4 noankles the Ducker (level 1, -2/10 HPs)
             Began as a Felid Berserker on Dec 3, 2020.
             Was a Follower of Trog.
             Slain by a kobold
             ... wielding a +0 club
              (3 damage)
             ... on level 1 of the Dungeon.
             The game lasted 00:01:56 (230 turns).

noankles the Ducker (Felid Berserker)                Turns: 230, Time: 00:01:57

Health: -2/10      AC:  1    Str: 13    XL:     1   Next: 50%
Magic:  2/2        EV: 19    Int:  8    God:    Trog [*.....]
Gold:   23         SH:  0    Dex: 15    Spells: 0/0 levels left
                                        Lives:  0   Deaths: 0

rFire    . . .     SeeInvis +     - Unarmed
rCold    . . .     Faith    .   (shield unavailable)
rNeg     . . .     Spirit   .   (armour unavailable)
rPois    .         Reflect  .   (helmet unavailable)
rElec    .         Harm     .   (cloak unavailable)
rCorr    .         Rampage  .   (gloves unavailable)
MR       .....                  (boots unavailable)
Stlth    ++........             (no amulet)
HPRegen  0.03/turn              (no ring)
MPRegen  0.08/turn              (no ring)

@: quick
A: very small, no armour, no weapons or thrown items, stealth, claws 1, fangs 3,
see invisible, speed 1, shaggy fur 1, sharp paws
a: Berserk, Renounce Religion


You were on level 1 of the Dungeon.
You worshipped Trog.
Trog was aware of your devotion.
You visited 1 branch of the dungeon, and saw 1 of its levels.

You collected 23 gold pieces.

Inventory:

Scrolls
 a - a scroll of teleportation {unknown}
 b - a scroll of identify {unknown}
 d - a scroll of immolation {unknown}
 e - a scroll of remove curse {unknown}
Potions
 c - a potion of invisibility {unknown}


   Skills:
 + Level 3.1 Fighting
 + Level 4.1 Dodging
 + Level 3.0 Unarmed Combat


You couldn't memorise any spells.
You didn't know any spells.
Your spell library was empty.

Dungeon Overview and Level Annotations

Branches:
Dungeon (1/15)

Altars:


Innate Abilities, Weirdness & Mutations

You cannot wear armour.
You are incapable of wielding weapons or throwing items.
Your paws allow you to move quietly. (Stealth)
You have sharp claws.
You have razor-sharp teeth.
You have supernaturally acute eyesight. (SInv)
You cover ground quickly.
You are covered in fur. (AC +1)
Your sharp claws are effective at attacking unaware monsters.


Message History

The kobold is heavily wounded.
The bat misses you.
You miss the kobold.
The kobold is heavily wounded.
The bat barely misses you. The bat closely misses you. The kobold misses you.
You scratch the kobold but do no damage.
The kobold is heavily wounded.
The bat hits you but does no damage. The kobold hits you with a +0 club.
* * * LOW HITPOINT WARNING * * *
The bat misses you.
You scratch the kobold but do no damage.
The kobold is heavily wounded.
The bat barely misses you. The kobold completely misses you.
You barely miss the kobold.
The kobold is heavily wounded.
The bat closely misses you. The kobold misses you.
You scratch the kobold.
The kobold is severely wounded.
The bat barely misses you. x2; The kobold hits you with a +0 club.
You die...

... .. .. #
#. .#
#.###.##
.l...B
#######Kb#
#......@#
#.....###
+..$..+
#.....#
#.....#
#.....# #
#....(# .#
###.....##.+
#..(.......#
#..####


You could see a bat, a kobold and a frilled lizard.

Vanquished Creatures
  2 kobolds (D:1)
  2 bats (D:1)
  A rat (D:1)
5 creatures vanquished.

Notes
Turn   | Place    | Note
-------+----------+-------------------------------------------
     0 | D:1      | noankles the Felid Berserker began the quest for the Orb.
     0 | D:1      | Reached XP level 1. HP: 10/10 MP: 2/2
   230 | D:1      | Slain by a kobold

Illustrated notes

Levels and vault maps discovered:
D:1:      dpeg_arrival_simpleton_c, layout_basic, minmay_octomino_c4

Action                   || total
-------------------------++-------
Melee: Unarmed           ||    24
       Bite              ||     1
Armor: Skin              ||     2
Dodge: Dodged            ||    32

Table legend: (Time is in decaauts)
 A = Elapsed time spent in this place.
 B = Non-inter-level travel time spent in this place.
 C = Inter-level travel time spent in this place.
 D = Time resting spent in this place.
 E = Time spent auto-exploring this place.
 F = Levels seen in this place.
 G = Mean time per level.
                   A        B        C        D        E       F      G
               +--------+--------+--------+--------+--------+-----+--------+
         Total |    189 |    189 |      0 |      0 |      0 |   1 |  189.0 |
       Dungeon |    189 |    189 |      0 |      0 |      0 |   1 |  189.0 |
               +--------+--------+--------+--------+--------+-----+--------+

Top non-repeatable levels by time:
     D:1: 189 daAuts
